 Dungeon Crawl Stone Soup version 0.29-a0-398-ge13fd1374b (webtiles) character file.

Game seed: 6695150195263289116

30 quinnr the Gusty (level 3, 0/19 HPs)
             Began as a Tengu Air Elementalist on May 12, 2022.
             Slain by a kobold
             ... wielding a +0 whip
              (4 damage)
             ... on level 1 of the Dungeon.
             The game lasted 00:02:26 (1486 turns).

quinnr the Gusty (Tengu Air Elementalist)           Turns: 1486, Time: 00:02:27

Health: 0/19       AC:  3    Str:  8    XL:     3   Next: 20%
Magic:  5/7        EV: 12    Int: 17    God:
Gold:   55         SH:  0    Dex: 14    Spells: 5/6 levels left

rFire   . . .      SeeInvis .   (no weapon)
rCold   . . .      Faith    .   (no shield)
rNeg    . . .      Spirit   .   a - +0 robe
rPois   .          Reflect  .   (helmet restricted)
rElec   .          Harm     .   (no cloak)
rCorr   .          Rampage  .   g - +0 pair of gloves
Will    .....                   (boots unavailable)
Stlth   ++........              (no amulet)
HPRegen 0.06/turn               (no ring)
MPRegen 0.10/turn               (no ring)

@: no status effects
A: beak, talons 3
a: no special abilities


You were on level 1 of the Dungeon.
You visited 1 branch of the dungeon, and saw 2 of its levels.

You collected 55 gold pieces.

Inventory:

Armour
 a - a +0 robe (worn)
 g - a +0 pair of gloves (worn)
Scrolls
 e - 2 scrolls of teleportation {unknown}
Potions
 b - a potion of magic
 c - a potion of flight {unknown}
 d - a potion of degeneration {unknown}
 f - a potion of lignification {unknown}


   Skills:
 - Level 2.1 Dodging
 - Level 2.0 Stealth
 - Level 2.0 Spellcasting
 - Level 1.3 Conjurations
 + Level 5.6 Air Magic


You had 5 spell levels left.
You knew the following spells:

 Your Spells              Type           Power      Damage    Failure   Level
a - Shock                 Conj/Air       52%        1d6       4%          1

Your spell library contained the following spells:

 Spells                   Type           Power      Damage    Failure   Level
 Swiftness                Air            21%        N/A       5%          3
 Static Discharge         Conj/Air       13%        N/A       7%          2
 Airstrike                Air            10%        N/A       19%         4
 Sublimation of Blood     Necr           1%         N/A       28%         2
 Wereblood                Tmut           1%         N/A       28%         2
 Conjure Ball Lightning   Conj/Air       6%         3x3d6     100%        6
 Summon Hydra             Summ           0%         N/A       100%        7
 Discord                  Hex            0%         N/A       100%        8
 Disjunction              Tloc           0%         N/A       100%        8


Dungeon Overview and Level Annotations

Branches:
Dungeon (2/15)

Altars:


Innate Abilities, Weirdness & Mutations

You have a beak for a mouth.
You have claws for feet.


Message History

You kill the ball python!
You can't see any susceptible monsters within range! (Use Z to cast anyway.) Magic restored.
HP restored.
Partly explored, can't reach some places.
Partly explored, can't reach some places.
Partly explored, can't reach some places.
You climb downwards.
The kobold hits you with a +0 whip.
The goblin shoots a sling bullet.
The sling bullet hits you.
There is a stone staircase leading up here.
The kobold hits you with a +0 whip.
You climb upwards.
There is a stone staircase leading down here.
Unknown command.
You are too injured to fight recklessly!
You are too injured to fight recklessly!
Unknown command.
You barely miss the kobold. The kobold closely misses you.
You are too injured to fight recklessly!
Casting: Shock (safe; 4% risk of failure)
Confirm with . or Enter, or press ? or * to list all spells.
Aiming: Shock (safe; 4% risk of failure)
Press: ? - help, Shift-Dir - straight line, f - kobold
Aim: a kobold, wielding a +0 whip and quivering stones (60% to hit)
The zap hits the kobold.
The kobold is heavily wounded.
The kobold barely misses you.
Unknown command.
Casting: Shock (safe; 4% risk of failure)
Confirm with . or Enter, or press ? or * to list all spells.
Aiming: Shock (safe; 4% risk of failure)
Press: ? - help, Shift-Dir - straight line, f/p - kobold
Aim: a kobold, wielding a +0 whip and quivering stones (heavily wounded, 60% to hit)
The zap hits the kobold.
The kobold is severely wounded.
The kobold closely misses you. The kobold hits you with a +0 whip.
* * * LOW HITPOINT WARNING * * *
The kobold attacks as you move away! The kobold hits you with a +0 whip.
You die...

.#.##..######.##.##
#######
.#................#
.############.....#
...............≈..##
###########....≈...#
######## # #.#..≈...#
#......# #
#.#.....####......###
#
#.###......'.....≈≈≈#
#.####@#....≈≈≈≈≈≈###
######
#....K>###≈≈≈≈.[≈.#
.+...#
#########≈≈≈......#
.#.#<# ##≈.......#
.#.#### ##.......#
......# #.......#####
...##.# #............
...#..# #..##..#####.
...#### #≈≈≈...#####.


You could see a kobold.

Vanquished Creatures
  2 bats
  3 endoplasms (D:1)
  3 giant cockroaches (D:1)
  3 goblins
  2 hobgoblins (D:1)
  3 jackals (D:1)
  3 ball pythons (D:1)
  2 frilled lizards (D:1)
  3 kobolds
  2 rats (D:1)
26 creatures vanquished.

Notes
Turn   | Place    | Note
-------+----------+-------------------------------------------
     0 | D:1      | quinnr the Tengu Air Elementalist began the quest for the
                  | Orb.
     0 | D:1      | Reached XP level 1. HP: 10/10 MP: 4/4
   184 | D:1      | quinnr: ??sourceless
   184 | D:1      | beem: I don't have a page labeled sourceless in my learndb.
   184 | D:1      | quinnr: ??malevolence
   184 | D:1      | beem: I don't have a page labeled malevolence in my
                  | learndb.
   190 | D:1      | Reached XP level 2. HP: 15/15 MP: 3/6
   329 | D:1      | Reached skill level 5 in Air Magic
   506 | D:1      | Found a faded altar of an unknown god.
   903 | D:1      | Reached XP level 3. HP: 19/19 MP: 0/7
  1486 | D:1      | Slain by a kobold

Illustrated notes

Levels and vault maps discovered:
D:1:      onia_arrival_mini_spirals, layout_basic,
          hellmonk_ecumenical_altar_heavens_door, serial_rivers,
          chequers_serial_rivers_micro_d, chequers_serial_rivers_small_3,
          chequers_serial_rivers_micro_d, chequers_serial_rivers_large_b,
          chequers_serial_rivers_small_a, chequers_serial_rivers_micro_c,
          minmay_misc_feat_diagonals, glass_columns_b
D:2:      layout_rooms

Skill      XL: |  1  2 |
---------------+-------+-----
Air Magic      | 5 |  5.6
Dodging        | |  2.1
Stealth        | |  2.0
Spellcasting   | |  2.0
Conjurations   | |  1.3

Action                   || total
-------------------------++-------
Melee: Unarmed           ||     2
       Kick              ||     1
 Cast: Shock             ||    50
Armor: Robe              ||     5
Dodge: Dodged            ||    14

Table legend: (Time is in decaauts)
 A = Elapsed time spent in this place.
 B = Non-inter-level travel time spent in this place.
 C = Inter-level travel time spent in this place.
 D = Time resting spent in this place.
 E = Time spent auto-exploring this place.
 F = Levels seen in this place.
 G = Mean time per level.
                   A        B        C        D        E       F      G
               +--------+--------+--------+--------+--------+-----+--------+
         Total |   1521 |   1453 |     68 |     34 |   1261 |   2 |  760.5 |
       Dungeon |   1521 |   1453 |     68 |     34 |   1261 |   2 |  760.5 |
               +--------+--------+--------+--------+--------+-----+--------+

Top non-repeatable levels by time:
     D:1: 1471 daAuts
     D:2: 50 daAuts
